 Dungeon Crawl Stone Soup version 0.17-a0-1632-g0af21bd (webtiles) character file.

28 Oddball22 the Digger (level 3, -4/19 HPs)
             Began as a Gargoyle Earth Elementalist on Aug 3, 2015.
             Slain by a gnoll
             ... wielding a +0 spear
              (5 damage)
             ... on level 2 of the Dungeon.
             The game lasted 00:02:28 (970 turns).

Oddball22 the Digger (Gargoyle Earth Elementalist)   Turns: 970, Time: 00:02:28

Health: -4/19      AC:  5    Str: 12    XL:     3   Next: 14%
Magic:  1/6        EV: 12    Int: 15    God:
Gold:   72         SH:  0    Dex: 10    Spells: 1 memorised, 6 levels left

rFire  . . .     SeeInvis .     l - +0 club
rCold  . . .     Clarity  .     b - +0 robe
rNeg   + . .     SustAt   .     (no shield)
rPois  ∞         Gourm    .     (no helmet)
rElec  +         Spirit   .     (no cloak)
rCorr  .         Warding  .     (no gloves)
rMut   .         Stasis   .     (no boots)
MR     .....                    (no amulet)
Stlth  ++........               (no ring)
                                (no ring)

@: very slightly contaminated, not resistant to hostile enchantments, unstealthy
A: negative energy resistance 1, electricity resistance, unbreathing,
petrification resistance, rot immunity, AC +3
a: no special abilities


You were on level 2 of the Dungeon.
You were not hungry.

You visited 1 branch of the dungeon, and saw 2 of its levels.

You collected 72 gold pieces.

Inventory:

Hand weapons
 l - a +0 club (weapon)
Missiles
 a - 56 stones (quivered)
Armour
 b - a +0 robe (worn)
Scrolls
 i - a scroll of remove curse {unknown}
 m - a scroll of recharging {unknown}
 p - a scroll of teleportation {unknown}
 q - a scroll of magic mapping {unknown}
 r - a scroll of identify {unknown}
 s - a scroll of noise {unknown}
Potions
 h - a potion of curing {unknown}
 j - a potion of resistance {unknown}
 o - a potion of cure mutation {unknown}
Books
 c - a book of Geomancy

   Spells                             Type                      Level
   a - Sandblast                      Earth                        1
   b - Stoneskin                      Transmutation/Earth          2
   c - Passwall                       Transmutation/Earth          3
   d - Stone Arrow                    Conjuration/Earth            3
   e - Petrify                        Transmutation/Earth          4
   f - Lee's Rapid Deconstruction     Earth                        5
Miscellaneous
 e - a plain deck of wonders
Comestibles
 d - 2 bread rations
 f - a beef jerky
 g - 2 meat rations
 k - a slice of pizza
 n - 3 chunks of flesh


   Skills:
 - Level 1.5 Dodging
 - Level 2.1 Stealth
 + Level 2.5 Spellcasting
   Level 0.7 Transmutations
 * Level 4.6 Earth Magic


You had 6 spell levels left.
You knew the following spells:

 Your Spells              Type           Power        Failure   Level  Hunger
a - Sandblast             Erth           ###...       3%          1    #......


Dungeon Overview and Level Annotations

Branches:
Dungeon (2/15)

Altars:
Nemelex Xobeh


Innate Abilities, Weirdness & Mutations

You are resistant to torment.
Your stone body is resilient (AC +3).
You are immune to poison.
You resist negative energy.
You are resistant to electric shocks.
You can survive without breathing.
You are immune to petrification.
You are immune to rotting.


Message History

Confirm with . or Enter, or press ? or * to list all spells.
You don't have enough magic to cast that spell.
Unknown command.
The gnoll hits you but does no damage.
You closely miss the gnoll.
The gnoll is moderately wounded.
The gnoll hits you with a spear.
* * * LOW HITPOINT WARNING * * *
You hit the gnoll.
The gnoll is moderately wounded.
The gnoll hits you with a spear.
* * * LOW HITPOINT WARNING * * *
The gnoll closely misses you.
You hit the gnoll but do no damage.
The gnoll is moderately wounded.
The gnoll barely misses you.
You completely miss the gnoll.
The gnoll is moderately wounded.
The gnoll hits you with a spear.
You die...

...#######...#
...........#.#
...#######.#.# .
..## #.#.# ###.
....... #.#.# ...
## ########
#.#.#####.##..#
#.#.#..........#
#...........####.#
###.÷...g@.......#
###..########..#
#..... ##.#### #.#
### #.# <.# #g#
.)# #.# ..#


You could see a gnoll.

Vanquished Creatures
  An adder (D:2)
  3 bats (D:1)
  2 goblins (D:1)
  A hobgoblin (D:2)
  3 jackals
  A quokka (D:2)
  3 giant newts (D:1)
  4 kobolds
  2 rats (D:1)
20 creatures vanquished.

Notes
Turn   | Place    | Note
--------------------------------------------------------------
     0 | D:1      | Oddball22 the Gargoyle Earth Elementalist began the quest for the Orb.
     0 | D:1      | Reached XP level 1. HP: 10/10 MP: 3/3
    37 | D:1      | Found a sparkling altar of Nemelex Xobeh.
   313 | D:1      | Reached skill level 4 in Earth Magic
   313 | D:1      | Reached XP level 2. HP: 15/15 MP: 1/5
   929 | D:2      | Reached XP level 3. HP: 15/19 MP: 1/6
   970 | D:2      | Slain by a gnoll

Vault maps used:
D:1:      saegor_arrival_simple_d, nemelex_deck
D:2:      fedhas_altar_1, first_bread, ecumenical_altar_1, uniq_natasha,
          uniq_sigmund

Action                   || total
-------------------------++-------
Melee: Unarmed           ||     1
       Club              ||     5
 Cast: Sandblast         ||    35
 Stab: Sleeping          ||     1
  Eat: Chunk             ||     1
